 Dungeon Crawl Stone Soup version 0.30-a0-304-gdc4b735fe1 (webtiles) character file.

Game seed: 15358265753244966458

34 lonewolfV2 the Trooper (level 3, -4/33 HPs)
             Began as a Hill Orc Fighter on Oct 20, 2022.
             Killed from afar by Sigmund (8 damage)
             ... with a puff of flame
             ... on level 2 of the Dungeon.
             The game lasted 00:01:55 (844 turns).

lonewolfV2 the Trooper (Hill Orc Fighter)            Turns: 844, Time: 00:01:56

Health: -4/33      AC:  7    Str: 20    XL:     3   Next: 31%
Magic:  3/3        EV:  9    Int:  8    God:
Gold:   54         SH:  5    Dex: 16    Spells: 2/2 levels left

rFire   . . .      SeeInvis .    a - +0 war axe
rCold   . . .      Faith    .    c - +0 buckler
rNeg    . . .      Spirit   .    b - +0 scale mail
rPois   .          Reflect  .    (no helmet)
rElec   .          Harm     .    (no cloak)
rCorr   .          Rampage  .    (no gloves)
Will    .....                    (no boots)
Stlth   ..........               (no amulet)
HPRegen 0.25/turn                g - +6 ring of dexterity
MPRegen 0.08/turn                (no ring)

@: mighty
A: no striking features
a: no special abilities


You were on level 2 of the Dungeon.
You visited 1 branch of the dungeon, and saw 2 of its levels.

You collected 54 gold pieces.

Inventory:

Hand Weapons
 a - a +0 war axe (weapon)
Armour
 b - a +0 scale mail (worn)
 c - a +0 buckler (worn)
Jewellery
 g - a +6 ring of dexterity (left hand)
Scrolls
 e - a scroll of butterflies {unknown}
 f - a scroll of magic mapping


   Skills:
 + Level 3.9 Fighting
 + Level 3.4 Axes
 + Level 3.9 Armour
 + Level 3.5 Shields


You had 2 spell levels left.
You didn't know any spells.
Your spell library contained the following spells:

 Spells                   Type           Power      Damage    Failure   Level
 Ignite Poison            Fire/Tmut/Pois 0%         N/A       99%         3
 Kindle Blastsparks       Fire/Tloc/Air  0%         2d10      99%         3
 Freezing Cloud           Conj/Ice/Air   0%         6-21      100%        5


Dungeon Overview and Level Annotations

Branches:
Dungeon (2/15)

Altars:

Annotations:
D:2 Sigmund


Message History

You slash the worm!
The worm is almost dead.
The worm bites you!
You hit the worm but do no damage.
The worm is almost dead.
A kobold comes into view. It is wielding a +0 short sword.
The worm barely misses you.
The kobold moves out of view.
You slash the worm!
You kill the worm!
You see here a worm corpse.
Sigmund the Dreaded comes into view.
He is wielding a +0 scythe.
Sigmund is nearby!
Sigmund is nearby!
Sigmund is nearby!
Sigmund shouts!
Sigmund casts a spell at you.
You are confused.
You're too confused to move!
You feel less confused.
Sigmund drinks a potion.
Sigmund's spells are empowered!
Sigmund screams, "You will never...
NEVER!!!"
Sigmund points at you and mumbles some strange words.
The magic dart hits you!
You feel very mighty all of a sudden.
Sigmund points at you and mumbles some strange words.
The magic dart hits you but does no damage.
Sigmund hits you with a +0 scythe.
* * * LOW HITPOINT WARNING * * *
You closely miss Sigmund. Sigmund gestures at you while chanting.
The magic dart hits you.
* * * LOW HITPOINT WARNING * * *
You slash Sigmund!
Sigmund is moderately wounded.
Sigmund closely misses you.
You slash Sigmund!
Sigmund is severely wounded.
Sigmund casts a spell at you. The puff of flame hits you!
You die...

########### #.........# ####
#.........# #..#
#.........####..## #
#####............# .#
#..#.#.#.#.#.#######.#
#..#.#.#.#.#.##......#
##.#.#.#.#.#.##......#
#.#.#.#.#@#.........#
########.#.#.#.#@#.........#
#......#.............).....#
........#####........†.....#
.........####..#.##...<....#
...<..(..##.........#......#
............#....####......#
.....)........#..# #......#
...††....######.## #.#..###


You could see Sigmund (empowered).

Vanquished Creatures
  A worm (D:2)
  A dart slug (D:2)
  An endoplasm (D:1)
  4 goblins
  3 hobgoblins (D:1)
  3 kobolds
  2 quokkas (D:1)
  3 ball pythons
  2 bats (D:1)
  5 frilled lizards
  5 rats (D:1)
30 creatures vanquished.

Notes
Turn   | Place    | Note
-------+----------+-------------------------------------------
     0 | D:1      | lonewolfV2 the Hill Orc Fighter began the quest for the
                  | Orb.
     0 | D:1      | Reached XP level 1. HP: 19/19 MP: 1/1
   210 | D:1      | Reached XP level 2. HP: 21/27 MP: 2/2
   742 | D:2      | Reached XP level 3. HP: 33/33 MP: 3/3
   825 | D:2      | Noticed Sigmund
   844 | D:2      | Killed from afar by Sigmund

Illustrated notes

Levels and vault maps discovered:
D:1:      saegor_arrival_fortress, layout_basic
D:2:      layout_rooms, hangedman_decor_diamond_cutter, grunt_decor_cap,
          minmay_misc_feat_rows, uniq_sigmund

Skill      XL: |  1  2 |
---------------+-------+-----
Axes           | 3 |  3.4
Fighting       | |  3.9
Armour         | |  3.9
Shields        | |  3.5

Action                   || total
-------------------------++-------
Melee: War axe           ||    70
  Use: Scroll            ||     1
       Potion            ||     1
Armor: Scale mail        ||    45
Dodge: Dodged            ||    47
Block: Buckler           ||    24

Table legend: (Time is in decaauts)
 A = Elapsed time spent in this place.
 B = Non-inter-level travel time spent in this place.
 C = Inter-level travel time spent in this place.
 D = Time resting spent in this place.
 E = Time spent auto-exploring this place.
 F = Levels seen in this place.
 G = Mean time per level.
                   A        B        C        D        E       F      G
               +--------+--------+--------+--------+--------+-----+--------+
         Total |    870 |    852 |     18 |      0 |    569 |   2 |  435.0 |
       Dungeon |    870 |    852 |     18 |      0 |    569 |   2 |  435.0 |
               +--------+--------+--------+--------+--------+-----+--------+

Top non-repeatable levels by time:
     D:1: 757 daAuts
     D:2: 113 daAuts
